 Dungeon Crawl Stone Soup version 0.31-a0-210-gccc998df9b (webtiles) character file.

Game seed: 16168762423631913784

831 qw the Chopper (level 7, -3/44 HPs)
             Began as a Gargoyle Fighter on June 29, 2023.
             Slain by a wraith (6 damage)
             ... in an ossuary.
             The game lasted 00:01:54 (3685 turns).

qw the Chopper (Gargoyle Fighter)                   Turns: 3685, Time: 00:01:55

Health: -3/44      AC: 21    Str: 19 (21) XL:     7   Next: 98%
Magic:  7/7        EV:  5    Int:  9      God:
Gold:   255        SH:  4    Dex:  9      Spells: 6/6 levels left

rFire   . . .        Y - +3 war axe
rCold   . . .        c - +0 buckler
rNeg    + . .        i - +0 plate armour
rPois   inf          h - +0 helmet
rElec   +            (no cloak)
rCorr   .            (no gloves)
SInv    .            (no boots)
Will    .....        (no amulet) Stlth
                     n - +4 ring of protection
HPRegen 0.27/turn    (no ring)
MPRegen 0.10/turn

%: no passive effects
@: slowed, very slow
A: sickness immunity, AC +4, negative energy resistance 1, electricity
resistance, torment resistance 1, petrification resistance
a: no special abilities


You were in an ossuary.
You visited 1 branch of the dungeon, and saw 5 of its levels.
You also visited: Ossuary.

You collected 255 gold pieces.


Innate Abilities, Weirdness & Mutations

You are immune to sickness and miasma.
Your stone body is resilient. (AC +4)
You are immune to poison.
You resist negative energy. (rN+)
You are resistant to electric shocks. (rElec)
You are resistant to unholy torment.
You are immune to petrification.


   Skills:
 - Level 5.2 Fighting
 + Level 7.1 Axes
 - Level 4.0 Armour
 - Level 3.2 Shields


You had 6 spell levels left.
You didn't know any spells.
Your spell library was empty.

Inventory:

Hand Weapons
 g - a +0 flail
 Y - a +3 war axe (weapon)
Armour
 c - a +0 buckler (worn)
 h - a +0 helmet (worn)
 i - a +0 plate armour (worn)
Jewellery
 n - a +4 ring of protection (left hand)
Scrolls
 b - a scroll of identify
 l - 2 scrolls of immolation {unknown}
Potions
 a - 3 potions of attraction
 d - a potion of might
 e - a potion of ambrosia {unknown}
 f - 2 potions of enlightenment {unknown}
 j - 4 potions of curing
 k - a potion of magic {unknown}
 m - a potion of resistance {unknown}
 o - a potion of cancellation {unknown}
 p - 2 potions of mutation {unknown}

Dungeon Overview and Level Annotations

Branches:
Dungeon (5/15)            Ossuary (1/1)
 Temple: D:4-7

Altars:
Gozag


Message History

The wraith is moderately damaged.
The wraith hits you but does no damage.
You slash the wraith!
The wraith is heavily damaged.
The wraith hits you! The wraith drains your vigour!
You feel as though you will be slow longer.
The wraith barely misses you.
You closely miss the wraith.
The wraith is heavily damaged.
The wraith hits you. The wraith drains your vigour!
You feel as though you will be slow longer.
The wraith hits you but does no damage.
You hit the wraith but do no damage.
The wraith is heavily damaged.
The wraith hits you. The wraith drains your vigour!
You feel as though you will be slow longer.
The wraith hits you but does no damage.
3671 ||| READING scroll of teleportation.
As you read the scroll of teleportation, it crumbles to dust.
You feel strangely unstable. The wraith hits you.
You barely miss the wraith.
The wraith is heavily damaged.
Your surroundings suddenly seem different.
You start resting.
A wraith is nearby!
The wraith hits you but does no damage.
You hit the wraith but do no damage.
The wraith is heavily damaged.
The wraith hits you!
You barely miss the wraith.
The wraith is heavily damaged.
The wraith hits you but does no damage. x2
You hit the wraith but do no damage.
The wraith is heavily damaged.
The wraith hits you but does no damage. The wraith barely misses you.
You barely miss the wraith.
The wraith is heavily damaged.
The wraith hits you but does no damage. The wraith hits you.
You die...

#..#.'..#.'...8...'.#..W!#..
#..####.####.....####.####..
#...........................
#............#.#............
#..####......#'#......####..
#..#.'...8...#.#...8...+ #..
#..####......###......####..
#...........................
#..........@W...............
#..#.#..#.#..#.#..#.#..#.#..
#..#'#..#+#..#'#..#+#..#'#..
#..#.#..# #..#.#..# #..#.#..
#..###..###..###..###..###..
#... .......................
#... .......................
### #######################


You could see a wraith.

Vanquished Creatures
  Grinder (D:3)
  An ogre (D:4)
  3 scorpions
  A jelly (D:4)
  2 orc priests (D:4)
  4 orc wizards
  An iguana (D:4)
  3 mummies (Ossuary)
  5 adders
  A worm zombie (D:5)
  A dart slug (D:3)
  13 orcs
  3 endoplasms
  2 giant cockroaches (D:1)
  6 goblins
  4 hobgoblins
  2 jackals (D:2)
  3 kobolds
  3 quokkas
  6 ball pythons
  6 bats
  3 frilled lizards
  4 goblin zombies (Ossuary)
  A hobgoblin zombie (Ossuary)
  2 kobold zombies (Ossuary)
  6 rats
87 creatures vanquished.

Notes
Turn   | Place    | Note
-------+----------+-------------------------------------------
     0 | D:1      | qw the Gargoyle Fighter began the quest for the Orb.
     0 | D:1      | Reached XP level 1. HP: 14/14 MP: 1/1
     0 | D:1      | 0 ||| qw: Version: 0.3-a-24-g62f9e04
     0 | D:1      | 0 ||| qw: Game counter: 6673
     0 | D:1      | 0 ||| qw: Melee chars always use a shield: true
     0 | D:1      | 0 ||| qw: God list: Okawaru
     0 | D:1      | 0 ||| qw: Allow faded altars: false
     0 | D:1      | 0 ||| qw: Do Orc after clearing Dungeon:15 true
     0 | D:1      | 0 ||| qw: Do second Lair branch before Depths: true
     0 | D:1      | 0 ||| qw: Lair rune preference: random
     0 | D:1      | 0 ||| qw: Goals: Normal, Zot:1-4, Slime:5, God:TSO, Crypt,
                  | Tomb, Abyss, Pan, Hells, Win
     0 | D:1      | 0 ||| PLANNING D:1-11
    79 | D:1      | Reached skill level 2 in Axes
   123 | D:1      | Reached XP level 2. HP: 19/19 MP: 2/2
   252 | D:1      | 252 ||| DROPPING +0 club.
   710 | D:1      | 710 ||| UPGRADING to +0 plate armour.
   720 | D:1      | 720 ||| DROPPING +0 scale mail.
   721 | D:1      | 721 ||| READING scroll labelled ASYRETTARA.
   731 | D:1      | 731 ||| READING scroll labelled KUYDGHIASYXT.
   732 | D:1      | 732 ||| READING scroll labelled DUUXYPP JONGA.
   733 | D:1      | 733 ||| READING scroll labelled FIHOALEHOV.
   734 | D:1      | 734 ||| READING scroll labelled ZIROPR ZOEDON.
   752 | D:2      | Reached skill level 3 in Axes
   799 | D:2      | Reached XP level 3. HP: 23/23 MP: 3/3
   935 | D:2      | 935 ||| Stepping ~*~*~tactically~*~*~ (stealth).
  1124 | D:2      | 1124 ||| Stepping ~*~*~tactically~*~*~ (stealth).
  1127 | D:2      | 1127 ||| Stepping ~*~*~tactically~*~*~ (stealth).
  1201 | D:2      | 1201 ||| Stepping ~*~*~tactically~*~*~ (stealth).
  1203 | D:2      | 1203 ||| Stepping ~*~*~tactically~*~*~ (stealth).
  1229 | D:2      | Reached XP level 4. HP: 28/28 MP: 4/4
  1269 | D:2      | 1269 ||| UPGRADING to +4 ring of protection.
  1270 | D:2      | 1270 ||| READING 2 scrolls labelled XIQEMP MISU.
  1271 | D:2      | 1271 ||| DRINKING 3 fizzy golden potions.
  1272 | D:2      | 1272 ||| DROPPING scroll of vulnerability.
  1501 | D:3      | 1501 ||| Stepping ~*~*~tactically~*~*~ (stealth).
  1502 | D:3      | 1502 ||| Stepping ~*~*~tactically~*~*~ (stealth).
  1504 | D:3      | 1504 ||| Stepping ~*~*~tactically~*~*~ (stealth).
  1515 | D:3      | Reached skill level 4 in Axes
  1521 | D:3      | 1521 ||| Stepping ~*~*~tactically~*~*~ (stealth).
  1523 | D:3      | 1523 ||| Stepping ~*~*~tactically~*~*~ (hiding).
  1585 | D:3      | Noticed Grinder
  1586 | D:3      | 1586 ||| Stepping ~*~*~tactically~*~*~ (hiding).
  1596 | D:3      | Paralysed by Grinder for 2 turns
  1598 | D:3      | Killed Grinder
  1599 | D:3      | Reached skill level 5 in Axes
  1599 | D:3      | Reached XP level 5. HP: 32/32 MP: 5/5
  1599 | D:3      | Reached XP level 6. HP: 37/37 MP: 6/6
  1625 | D:3      | 1625 ||| Stepping ~*~*~tactically~*~*~ (hiding).
  1637 | D:3      | 1637 ||| Stepping ~*~*~tactically~*~*~ (stealth).
  1638 | D:3      | 1638 ||| Stepping ~*~*~tactically~*~*~ (stealth).
  1654 | D:3      | 1654 ||| DROPPING +0 whip.
  1846 | D:3      | Found an opulent altar of Gozag.
  2141 | D:3      | 2141 ||| READING scroll labelled YJOGUMMUBOA.
  2145 | D:3      | 2145 ||| READING scroll labelled OCROMANETO.
  2146 | D:3      | 2146 ||| READING scroll labelled HUM PUYMUJE.
  2147 | D:3      | 2147 ||| READING scroll labelled UFEOBU DOBBANNE.
  2148 | D:3      | 2148 ||| DRINKING 2 pink potions.
  2149 | D:3      | 2149 ||| DRINKING 2 murky yellow potions.
  2150 | D:3      | 2150 ||| DROPPING potion of brilliance.
  2151 | D:3      | 2151 ||| DROPPING potion of degeneration.
  2185 | D:4      | 2185 ||| FLEEEEING.
  2186 | D:4      | 2186 ||| FLEEEEING.
  2187 | D:4      | 2187 ||| FLEEEEING.
  2188 | D:4      | 2188 ||| STAIRDANCE
  2276 | D:4      | 2276 ||| STAIRDANCE
  2278 | D:3      | 2278 ||| DRINKING 3 potions of curing.
  2278 | D:3      | 2278 ||| (to cure confusion)
  2293 | D:4      | Reached skill level 6 in Axes
  2293 | D:4      | Reached XP level 7. HP: 38/44 MP: 7/7
  2451 | D:4      | 2451 ||| DROPPING +0 mace.
  2457 | D:4      | 2457 ||| READING 2 scrolls of enchant weapon.
  2457 | D:4      | 2457 ||| ENCHANTING +1 war axe.
  2458 | D:4      | 2458 ||| READING scroll of enchant weapon.
  2458 | D:4      | 2458 ||| ENCHANTING +2 war axe.
  2511 | D:4      | 2511 ||| Stepping ~*~*~tactically~*~*~ (stealth).
  2528 | D:4      | 2528 ||| Stepping ~*~*~tactically~*~*~ (hiding).
  2540 | D:4      | 2540 ||| Stepping ~*~*~tactically~*~*~ (stealth).
  2545 | D:4      | HP: 5/44 [orc priest/divine providence (10)]
  2560 | D:4      | 2560 ||| FLEEEEING.
  2561 | D:4      | 2561 ||| FLEEEEING.
  2564 | D:4      | 2564 ||| FLEEEEING.
  2565 | D:4      | 2565 ||| FLEEEEING.
  2566 | D:4      | 2566 ||| FLEEEEING.
  2567 | D:4      | 2567 ||| FLEEEEING.
  2568 | D:4      | 2568 ||| FLEEEEING.
  2570 | D:4      | 2570 ||| FLEEEEING.
  2571 | D:4      | 2571 ||| FLEEEEING.
  2572 | D:4      | 2572 ||| FLEEEEING.
  2575 | D:4      | 2575 ||| FLEEEEING.
  2576 | D:4      | 2576 ||| FLEEEEING.
  2577 | D:4      | 2577 ||| FLEEEEING.
  2578 | D:4      | 2578 ||| FLEEEEING.
  2579 | D:4      | 2579 ||| FLEEEEING.
  2580 | D:4      | 2580 ||| FLEEEEING.
  2581 | D:4      | 2581 ||| FLEEEEING.
  2582 | D:4      | 2582 ||| FLEEEEING.
  2583 | D:4      | 2583 ||| FLEEEEING.
  2585 | D:4      | 2585 ||| FLEEEEING.
  2588 | D:4      | 2588 ||| STAIRDANCE
  2691 | D:3      | 2691 ||| DROPPING amulet of magic regeneration.
  2761 | D:4      | Reached skill level 7 in Axes
  3022 | D:4      | 3022 ||| UPGRADING to +0 helmet.
  3027 | D:4      | 3027 ||| READING 2 scrolls of identify.
  3027 | D:4      | 3027 ||| IDENTIFYING brown potion
  3048 | D:5      | Entered Level 5 of the Dungeon
  3049 | D:5      | 3049 ||| PLANNING OSSUARY
  3129 | D:5      | Identified the +0 mace of Discomfort {drain, rN+}
  3131 | D:5      | 3131 ||| DROPPING +0 mace of Discomfort {drain, rN+}.
  3266 | D:5      | 3266 ||| Stepping ~*~*~tactically~*~*~ (stealth).
  3274 | D:5      | Found a sand-covered staircase.
  3306 | Ossuary  | Entered an ossuary
  3306 | Ossuary  | Noticed a wraith
  3306 | Ossuary  | Noticed a wraith
  3306 | Ossuary  | Noticed a wraith
  3652 | Ossuary  | Noticed a wraith
  3670 | Ossuary  | HP: 9/44 [wraith (4)]
  3671 | Ossuary  | 3671 ||| READING scroll of teleportation.
  3682 | Ossuary  | HP: 2/44 [wraith (10)]
  3685 | Ossuary  | Slain by a wraith

Levels and vault maps discovered:
D:1:      reono_arrival_mine, layout_loops_ring, minmay_misc_feat_plants
D:2:      layout_rooms
D:3:      layout_basic, lemuel_doored_altar, uniq_grinder
D:4:      layout_cave_pools, minmay_misc_feat_secret_circle
D:5:      layout_loops_corners, enter_ossuary_3, minmay_joined_circles
Ossuary:  ossuary_kennysheep_city_of_the_dead

Skill      XL: |  1  2  3  4  5  6  7 |
---------------+----------------------+-----
Axes           | 2 3 5 6 7 |  7.1
Fighting       | 4 5 |  5.2
Armour         | 4 |  4.0
Shields        | |  3.2

Action                     |  1- 3 |  4- 6 |  7- 9 || total
---------------------------+-------+-------+-------++-------
  Melee: War axe           |    87 |    58 |   116 ||   261
  Throw: Boomerang         |    14 |    16 |    12 ||    42
    Use: Scroll            |     5 |     5 |     4 ||    14
         Potion            |       |     4 |       ||     4
 Armour: Scale mail        |    32 |       |       ||    32
         Plate armour      |    22 |    57 |    86 ||   165
  Dodge: Dodged            |    36 |    11 |    11 ||    58
  Block: Buckler           |    17 |     9 |    12 ||    38

Table legend:
 A = Non-vault XP
 B = Vault XP
 C = Vault XP percentage of total XP
 D = Non-vault monster count
 E = Vault monster count
 F = Vault count percentage of total count
                 A         B        C        D         E       F
            +---------+---------+-------+---------+---------+-------
      Total |     855 |     333 |  28.0 |      75 |      12 |  13.8
            +---------+---------+-------+---------+---------+-------
        D:1 |      29 |       0 |   0.0 |      19 |       0 |   0.0
        D:2 |      60 |       0 |   0.0 |      16 |       0 |   0.0
        D:3 |      80 |     267 |  76.9 |      16 |       1 |   5.9
        D:4 |     515 |       0 |   0.0 |      22 |       0 |   0.0
        D:5 |     171 |       7 |   3.9 |       2 |       1 |  33.3
    Ossuary |       0 |      59 | 100.0 |       0 |      10 | 100.0
            +---------+---------+-------+---------+---------+-------
